EL
CORPUS CHRISTI HOOKS @ AKRON RUBBERDUCKS
08/23/2048
 
TOP OF THE 1ST
Corpus Christi Hooks batting - Pitching for Akron RubberDucks : RHP Eduardo Garcia
Pitching: RHP Eduardo Garcia
Batting: SHB Dan Castaneda 0-0: Ground out 4-3 (Groundball, 4, EV 89.4 MPH)
Batting: RHB Mark Cahill 0-0: Swinging Strike
0-1: Fly out, F8 (Flyball, 8LM, EV 80.0 MPH)
Batting: LHB Mitchell Casey 0-0: Ball
1-0: SINGLE (Groundball, 4D, EV 101.9 MPH)
Batting: LHB Josh Birkner 0-0: Foul Ball, location: 2F
0-1: Ball
1-1: Ball
2-1: Ball
3-1: Base on Balls
Mitchell Casey to second
Batting: RHB Marty King 0-0: Ball
1-0: Ball
2-0: Ball
3-0: Base on Balls
Mitchell Casey to third
Josh Birkner to second
Batting: RHB Masaru Konno 0-0: Ground out 3-1 (Groundball, 34, EV 79.4 MPH)
Top of the 1st over - 0 runs, 1 hit, 0 errors, 3 left on base; Corpus Christi 0 - Akron 0
BOTTOM OF THE 1ST
Akron RubberDucks batting - Pitching for Corpus Christi Hooks : RHP Andy Montelongo
Pitching: RHP Andy Montelongo
Batting: LHB Robby Dann 0-0: Ball
1-0: SINGLE (Groundball, 34S, EV 71.2 MPH) (infield hit)
Batting: RHB Mitch Boyd 0-0: Ball
Robby Dann steals 2nd base
1-0: SINGLE (Groundball, 4MD, EV 98.8 MPH) (infield hit)
Robby Dann to third
Batting: SHB Valentin Laporte 0-0: Ball
Mitch Boyd steals 2nd, throwing error, E2
Robby Dann scores
Mitch Boyd to third
1-0: Foul Ball, location: 2F
1-1: Foul Ball, location: 2F
1-2: Foul Ball, location: 2F
1-2: Ball
2-2: Strikes out swinging
Batting: LHB Esteban Cordova 0-0: Ball
1-0: Foul Ball, location: 2F
1-1: Ball
2-1: Ball
3-1: Base on Balls
Batting: SHB Jarrod Lindblad 0-0: Foul Ball, location: 2F
0-1: Fly out, F9 (Flyball, 9LS, EV 71.9 MPH)
Batting: RHB Justin Lauderdale 0-0: Called Strike
0-1: Ball
1-1: TRIPLE (Flyball, 78XD, EV 102.5 MPH)
Mitch Boyd scores
Esteban Cordova scores
Batting: RHB Joeri Plas 0-0: Fly out, F8 (Line Drive, 8RM, EV 96.9 MPH)
Bottom of the 1st over - 3 runs, 3 hits, 1 error, 1 left on base; Corpus Christi 0 - Akron 3
TOP OF THE 2ND
Corpus Christi Hooks batting - Pitching for Akron RubberDucks : RHP Eduardo Garcia
Batting: LHB John Wagner 0-0: Called Strike
0-1: Ball
1-1: Foul Ball, location: 2F
1-2: Ground out 3-1 (Groundball, 34, EV 106.9 MPH)
Batting: RHB Alex Campos 0-0: Ball
1-0: Fly out, F4 (Line Drive, 4, EV 72.5 MPH)
Batting: RHB Derek Moran 0-0: Ball
1-0: Called Strike
1-1: DOUBLE (Flyball, 89D, EV 87.5 MPH)
Batting: SHB Dan Castaneda 0-0: Ball
1-0: Fly out, F9 (Line Drive, 9S, EV 96.2 MPH)
Top of the 2nd over - 0 runs, 1 hit, 0 errors, 1 left on base; Corpus Christi 0 - Akron 3
BOTTOM OF THE 2ND
Akron RubberDucks batting - Pitching for Corpus Christi Hooks : RHP Andy Montelongo
Batting: RHB Charles Marcel 0-0: Ball
1-0: Called Strike
1-1: Called Strike
1-2: Strikes out swinging
Batting: SHB Javon Mitchell 0-0: Foul Ball, location: 2F
0-1: SINGLE (Flyball, 89S, EV 100.0 MPH)
Batting: LHB Robby Dann 0-0: Ball
Javon Mitchell steals 2nd base
1-0: Fly out, F7 (Flyball, 78S, EV 93.1 MPH)
Batting: RHB Mitch Boyd 0-0: Ball
1-0: Swinging Strike
1-1: Ball
2-1: Foul Ball, location: 2F
2-2: Strikes out swinging
Bottom of the 2nd over - 0 runs, 1 hit, 0 errors, 1 left on base; Corpus Christi 0 - Akron 3
TOP OF THE 3RD
Corpus Christi Hooks batting - Pitching for Akron RubberDucks : RHP Eduardo Garcia
Batting: RHB Mark Cahill 0-0: Called Strike
0-1: Ball
1-1: Ball
2-1: Swinging Strike
2-2: Ball
3-2: Strikes out looking
Batting: LHB Mitchell Casey 0-0: Called Strike
0-1: Called Strike
0-2: Foul Ball, location: 2F
0-2: Ball
1-2: Ball
2-2: Foul Ball, location: 2F
2-2: Ball
3-2: Ground out 4-3 (Groundball, 4, EV 77.5 MPH)
Batting: LHB Josh Birkner 0-0: Called Strike
0-1: Ball
1-1: Ball
2-1: Swinging Strike
2-2: Foul Ball, location: 2F
2-2: Ball
3-2: Strikes out swinging
Top of the 3rd over - 0 runs, 0 hits, 0 errors, 0 left on base; Corpus Christi 0 - Akron 3
BOTTOM OF THE 3RD
Akron RubberDucks batting - Pitching for Corpus Christi Hooks : RHP Andy Montelongo
Batting: SHB Valentin Laporte 0-0: Ball
1-0: SOLO HOME RUN (Line Drive, 89XD, EV 107.5 MPH), Distance : 402 ft
Batting: LHB Esteban Cordova 0-0: Foul Ball, location: 2F
0-1: Foul Ball, location: 2F
0-2: Strikes out swinging
Batting: SHB Jarrod Lindblad 0-0: Called Strike
0-1: Ground out 6-3 (Groundball, 6, EV 81.9 MPH)
Batting: RHB Justin Lauderdale 0-0: Ball
1-0: Ball
2-0: Ball
3-0: Called Strike
3-1: SINGLE (Flyball, 3D, EV 85.0 MPH)
Batting: RHB Joeri Plas 0-0: Called Strike
0-1: Ground out 4-3 (Groundball, 4, EV 88.8 MPH)
Bottom of the 3rd over - 1 run, 2 hits, 0 errors, 1 left on base; Corpus Christi 0 - Akron 4
TOP OF THE 4TH
Corpus Christi Hooks batting - Pitching for Akron RubberDucks : RHP Eduardo Garcia
Batting: RHB Marty King 0-0: Swinging Strike
0-1: Fly out, F3 (Popup, 3SF, EV 79.4 MPH)
Batting: RHB Masaru Konno 0-0: Ball
1-0: Foul Ball, location: 2F
1-1: Ground out 3-1 (Groundball, 34S, EV 89.4 MPH)
Batting: LHB John Wagner 0-0: Fly out, F5 (Popup, 56S, EV 85.0 MPH)
Top of the 4th over - 0 runs, 0 hits, 0 errors, 0 left on base; Corpus Christi 0 - Akron 4
BOTTOM OF THE 4TH
Akron RubberDucks batting - Pitching for Corpus Christi Hooks : RHP Andy Montelongo
Batting: RHB Charles Marcel 0-0: Called Strike
0-1: Reached on error, E6 (Groundball, 6, EV 78.8 MPH)
Batting: SHB Javon Mitchell 0-0: Ball
1-0: Swinging Strike
1-1: Fly out, F9 (Flyball, 9, EV 87.5 MPH)
Batting: LHB Robby Dann 0-0: Ball
Charles Marcel steals 2nd, throwing error, E2
Charles Marcel to third
1-0: Foul Ball, location: 2F
1-1: Foul Ball, location: 2F
1-2: Ground out U3 (Groundball, 34S, EV 76.9 MPH)
Charles Marcel scores
Batting: RHB Mitch Boyd 0-0: Ball
1-0: Ball
2-0: Foul Ball, location: 2F
2-1: Called Strike
2-2: Ball
3-2: Strikes out swinging
Bottom of the 4th over - 1 run, 0 hits, 2 errors, 0 left on base; Corpus Christi 0 - Akron 5
TOP OF THE 5TH
Corpus Christi Hooks batting - Pitching for Akron RubberDucks : RHP Eduardo Garcia
Batting: RHB Alex Campos 0-0: Called Strike
0-1: Called Strike
0-2: Ball
1-2: Strikes out looking
Batting: RHB Derek Moran 0-0: Ball
1-0: Called Strike
1-1: SINGLE (Flyball, 34D, EV 93.8 MPH)
Batting: SHB Dan Castaneda 0-0: Grounds into double play, 4-6-3 (Groundball, 4, EV 78.8 MPH)
Top of the 5th over - 0 runs, 1 hit, 0 errors, 0 left on base; Corpus Christi 0 - Akron 5
BOTTOM OF THE 5TH
Akron RubberDucks batting - Pitching for Corpus Christi Hooks : RHP Andy Montelongo
Batting: SHB Valentin Laporte 0-0: Ball
1-0: Called Strike
1-1: Foul Ball, location: 2F
1-2: Foul Ball, location: 2F
1-2: Ball
2-2: Foul Ball, location: 2F
2-2: Ground out 6-3 (Groundball, 6, EV 80.0 MPH)
Batting: LHB Esteban Cordova 0-0: SINGLE (Flyball, 8LS, EV 86.2 MPH)
Batting: SHB Jarrod Lindblad 0-0: Called Strike
0-1: Called Strike
0-2: Foul Ball, location: 2F
0-2: Ball
1-2: Ball
2-2: Strikes out looking
Batting: RHB Justin Lauderdale 0-0: Foul Ball, location: 2F
0-1: Ball
1-1: Swinging Strike
1-2: Strikes out swinging
Bottom of the 5th over - 0 runs, 1 hit, 0 errors, 1 left on base; Corpus Christi 0 - Akron 5
TOP OF THE 6TH
Corpus Christi Hooks batting - Pitching for Akron RubberDucks : RHP Eduardo Garcia
Batting: RHB Mark Cahill 0-0: Called Strike
0-1: Called Strike
0-2: Foul Ball, location: 2F
0-2: Foul Ball, location: 2F
0-2: Foul Ball, location: 2F
0-2: Ball
1-2: Foul Ball, location: 2F
1-2: Foul Ball, location: 2F
1-2: Ball
2-2: Ball
3-2: Ground out 1-3 (Groundball, 15S, EV 71.2 MPH)
Batting: LHB Mitchell Casey 0-0: Swinging Strike
0-1: Swinging Strike
0-2: Ball
1-2: Strikes out looking
Batting: LHB Josh Birkner 0-0: Ball
1-0: Called Strike
1-1: Ball
2-1: Called Strike
2-2: Foul Ball, location: 2F
2-2: Strikes out swinging
Top of the 6th over - 0 runs, 0 hits, 0 errors, 0 left on base; Corpus Christi 0 - Akron 5
BOTTOM OF THE 6TH
Akron RubberDucks batting - Pitching for Corpus Christi Hooks : RHP Andy Montelongo
Batting: RHB Joeri Plas 0-0: Called Strike
0-1: Ball
1-1: Called Strike
1-2: Strikes out swinging
Batting: RHB Charles Marcel 0-0: Ball
1-0: Swinging Strike
1-1: Called Strike
1-2: Ground out 6-3 (Groundball, 56, EV 105.6 MPH)
Batting: SHB Javon Mitchell 0-0: Called Strike
0-1: Foul Ball, location: 2F
0-2: Strikes out swinging
Bottom of the 6th over - 0 runs, 0 hits, 0 errors, 0 left on base; Corpus Christi 0 - Akron 5
TOP OF THE 7TH
Corpus Christi Hooks batting - Pitching for Akron RubberDucks : RHP Eduardo Garcia
Batting: RHB Marty King 0-0: Ball
1-0: Foul Ball, location: 2F
1-1: Ball
2-1: DOUBLE (Line Drive, 9LM, EV 101.9 MPH)
Batting: RHB Masaru Konno 0-0: Fly out, F9 (Line Drive, 9S, EV 102.5 MPH)
Batting: LHB John Wagner 0-0: Called Strike
0-1: Foul Ball, location: 2F
0-2: Ball
1-2: Foul Ball, location: 2F
1-2: Fly out, F8 (Flyball, 8LM, EV 91.2 MPH)
Batting: RHB Alex Campos 0-0: Called Strike
0-1: Foul Ball, location: 2F
0-2: Strikes out swinging
Top of the 7th over - 0 runs, 1 hit, 0 errors, 1 left on base; Corpus Christi 0 - Akron 5
BOTTOM OF THE 7TH
Akron RubberDucks batting - Pitching for Corpus Christi Hooks : RHP Andy Montelongo
Batting: LHB Robby Dann 0-0: Fly out, F8 (Flyball, 8LD, EV 102.5 MPH)
Batting: RHB Mitch Boyd 0-0: Ball
1-0: Fly out, F7 (Flyball, 7S, EV 91.9 MPH)
Batting: SHB Valentin Laporte 0-0: Ball
1-0: Foul Ball, location: 2F
1-1: Ball
2-1: SINGLE (Groundball, 6M, EV 95.0 MPH)
Batting: LHB Esteban Cordova 0-0: Ball
Valentin Laporte steals 2nd base
1-0: Ball
2-0: Ball
3-0: Called Strike
3-1: Base on Balls
Pitching: LHP Blaine Whitmore
Batting: SHB Jarrod Lindblad 0-0: Foul Ball, location: 2F
0-1: Called Strike
0-2: Foul Ball, location: 2F
0-2: Foul Ball, location: 2F
0-2: Foul Ball, location: 2F
0-2: Fly out, F6 (Line Drive, 6MD, EV 72.5 MPH)
Bottom of the 7th over - 0 runs, 1 hit, 0 errors, 2 left on base; Corpus Christi 0 - Akron 5
TOP OF THE 8TH
Corpus Christi Hooks batting - Pitching for Akron RubberDucks : RHP Eduardo Garcia
Batting: RHB Derek Moran 0-0: Ball
1-0: Ball
2-0: Foul Ball, location: 2F
2-1: Ground out U3 (Groundball, 3S, EV 80.0 MPH)
Pitching: RHP Danny Bustos
Batting: SHB Dan Castaneda 0-0: Ball
1-0: Ball
2-0: Called Strike
2-1: Swinging Strike
2-2: Ball
3-2: Ground out 6-3 (Groundball, 6, EV 79.4 MPH)
Batting: RHB Mark Cahill 0-0: Ball
1-0: Foul Ball, location: 2F
1-1: Ground out 6-3 (Groundball, 6M, EV 82.5 MPH)
Top of the 8th over - 0 runs, 0 hits, 0 errors, 0 left on base; Corpus Christi 0 - Akron 5
BOTTOM OF THE 8TH
Akron RubberDucks batting - Pitching for Corpus Christi Hooks : LHP Blaine Whitmore
Batting: RHB Justin Lauderdale 0-0: Foul Ball, location: 2F
0-1: Ball
1-1: Foul Ball, location: 2F
1-2: Ball
2-2: Strikes out swinging
Batting: RHB Joeri Plas 0-0: Called Strike
0-1: Ball
1-1: Called Strike
1-2: Ball
2-2: Strikes out looking
Batting: RHB Charles Marcel 0-0: Swinging Strike
0-1: Foul Ball, location: 2F
0-2: Ball
1-2: Foul Ball, location: 2F
1-2: Hit by Pitch
Batting: SHB Javon Mitchell 0-0: Swinging Strike
0-1: Called Strike
0-2: Ball
1-2: Ball
2-2: Strikes out looking
Bottom of the 8th over - 0 runs, 0 hits, 0 errors, 1 left on base; Corpus Christi 0 - Akron 5
TOP OF THE 9TH
Corpus Christi Hooks batting - Pitching for Akron RubberDucks : RHP Danny Bustos
Batting: LHB Mitchell Casey 0-0: Called Strike
0-1: Ball
1-1: Ball
2-1: Ground out 6-3 (Groundball, 6M, EV 91.2 MPH)
Batting: LHB Josh Birkner 0-0: Ground out U3 (Groundball, 3, EV 80.0 MPH)
Batting: RHB Marty King 0-0: Ball
1-0: DOUBLE (Line Drive, 89D, EV 105.0 MPH)
Batting: RHB Masaru Konno 0-0: Called Strike
0-1: Fly out, F9 (Flyball, 89S, EV 85.0 MPH)
Top of the 9th over - 0 runs, 1 hit, 0 errors, 1 left on base; Corpus Christi 0 - Akron 5
Tuesday, March 28th , 2023 - OOTP Baseball 23.10 Build 110